 Dungeon Crawl Stone Soup version 0.18-a0-1778-gadce9fa (webtiles) character file.

2683 GrandHerb the Archer (level 9, 0/78 HPs)
             Began as a Centaur Hunter on Apr 16, 2016.
             Succumbed to a killer bee's poison
             ... on level 6 of the Dungeon.
             The game lasted 00:52:02 (7662 turns).

GrandHerb the Archer (Centaur Hunter)               Turns: 7662, Time: 00:52:02

Health: 0/78       AC: 10    Str: 14    XL:     9   Next: 37%
Magic:  10/10      EV: 18    Int: 12    God:
Gold:   210        SH:  0    Dex: 19    Spells: 0 memorised, 10 levels left

rFire  . . .     SeeInvis .     a - +1 shortbow
rCold  . . .     Gourm    .     H - +2 robe {MR+}
rNeg   . . .     Faith    .     (shield currently unavailable)
rPois  .         Spirit   .     d - +0 helmet
rElec  .         Dismiss  .     (no cloak)
rCorr  .         Reflect  .     v - +2 pair of gloves {archery}
SustAt .         Harm     .     (no barding)
MR     +....                    (no amulet)
Stlth  ++........               (no ring)
                                h - +2 ring of intelligence

@: agile, lethally poisoned (0 -> -5), very quick, somewhat resistant to hostile
enchantments, unstealthy
A: hooves 3, deformed body, speed 2, tough skin 3
a: no special abilities


You were on level 6 of the Dungeon.
You were not hungry.

You visited 1 branch of the dungeon, and saw 7 of its levels.

You collected 210 gold pieces.

Inventory:

Hand Weapons
 a - a +1 shortbow (weapon)
 t - a +0 trident
 G - a +2 scythe of slicing
Missiles
 e - 2 arrows of flame
 j - 5 poisoned arrows
 w - 52 arrows (quivered)
 y - 16 bolts
Armour
 c - a +0 leather armour
 d - a +0 helmet (worn)
 v - a +2 pair of gloves of archery (worn)
 H - a +2 robe of magic resistance (worn)
Jewellery
 h - a +2 ring of intelligence (left hand)
Scrolls
 g - a scroll of teleportation
 n - a scroll of immolation {unknown}
 x - a scroll of enchant weapon {unknown}
 A - 2 scrolls of magic mapping {unknown}
 B - 2 scrolls of remove curse
 C - a scroll of fog {unknown}
 F - a scroll of amnesia {unknown}
Potions
 k - a potion of flight
 o - a potion of resistance
 s - a potion of brilliance {unknown}
 z - a potion of lignification {unknown}
 D - a potion of magic
 I - a potion of haste {unknown}
Books
 p - a book of Changes

   Spells                             Type                      Level
   a - Beastly Appendage              Transmutation                1
   b - Sticks to Snakes               Transmutation                2
   c - Spider Form                    Transmutation/Poison         3
   d - Ice Form                       Ice/Transmutation            4
   e - Blade Hands                    Transmutation                5
 E - a book of Dreams

   Spells                             Type                      Level
   a - Ensorcelled Hibernation        Hexes/Ice                    2
   b - Silence                        Hexes/Air                    5
   c - Darkness                       Hexes                        6
   d - Shadow Creatures               Summoning                    6
Comestibles
 f - 3 bread rations
 i - a meat ration
 m - a royal jelly
 u - 3 beef jerkies


   Skills:
 + Level 6.9 Fighting
 + Level 5.0 Polearms
 + Level 10.0 Bows
 + Level 5.0 Dodging
 - Level 0.5 Stealth
 - Level 1.2 Spellcasting


You had 10 spell levels left.
You didn't know any spells.

Dungeon Overview and Level Annotations

Branches:
Dungeon (7/15)
 Temple: D:4-7

Altars:
Ashenzari
Nemelex Xobeh
Okawaru
Trog
Zin

Shops:
D:4 *

Annotations:
D:5 Grinder


Innate Abilities, Weirdness & Mutations

You have hooves in place of feet.
Armour fits poorly on your strangely shaped body.
You cover ground very quickly.
You have extremely tough skin (AC +3).


Message History

* * * LOW HITPOINT WARNING * * *
You feel sick.
Drink which item? (? for menu, Esc to quit)
Okay, then.
Firing (i - inventory. (,) - cycle):
w - 53 arrows (quivered)
Press: ? - help, Shift-Dir - straight line, f/p - killer bee
Aim: a killer bee (heavily wounded)
You shoot an arrow. The arrow misses the killer bee.
* * * LOW HITPOINT WARNING * * *
You feel sick. The killer bee closely misses you.
The killer bee barely misses you.
* * * LOW HITPOINT WARNING * * *
You feel sick.
The killer bee stings you but does no damage.
* * * LOW HITPOINT WARNING * * *
You feel sick.
Drink which item? (? for menu, Esc to quit)
It was a potion of agility.
You feel agile all of a sudden.
You die...

#.#
#.#############.#
##.#####.# #.#
.........#########
#.#
.................#
#.########
.#.....#.#######.#
#........#
.........## #.#
########.#
..........# #.# #.#
..........# #.# #.#
..........### #@##
#.#
.♣♣._.♣..#..####y.##
#.###
##.♣♣♣♣####(.....#.#
#....
.#######..(.......##
#####
....(..(..........#
.###p###..#####.#.#
.......(..# #.#.#
.###.####.# #.#.# .#
#.# #.# #.#.#


You could see a killer bee.

Vanquished Creatures
  Pikel (D:6)
  Prince Ribbit (D:5)
  Sigmund (D:5)
  A water moccasin (D:5)
  A sky beast (D:6)
  2 slaves (D:6)
  2 ice beasts (D:6)
  A phantom (D:5)
  3 ogres
  3 centaurs (D:5)
  5 killer bees (D:6)
  4 wights (D:6)
  A giant frog skeleton (D:5)
  A jelly (D:5)
  A centaur skeleton (D:6)
  3 hounds
  An iguana (D:5)
  4 worker ants
  Robin (D:3)
  A howler monkey skeleton (D:4)
  6 adders
  An ooze (D:1)
  An adder zombie (D:5)
  An adder skeleton (D:4)
  4 worms
  2 dart slugs
  2 giant geckos
  3 orcs
  A ball python (D:5)
  10 bats
  9 giant cockroaches
  14 hobgoblins
  7 jackals
  5 quokkas
  A giant gecko skeleton (D:4)
  A giant gecko zombie (D:5)
  6 giant newts
  15 goblins
  6 kobolds
  3 rats
136 creatures vanquished.

Vanquished Creatures (others)
  A slave (D:6)
  A killer bee (D:6)
2 creatures vanquished.

Grand Total: 138 creatures vanquished

Notes
Turn   | Place    | Note
--------------------------------------------------------------
     0 | D:1      | GrandHerb the Centaur Hunter began the quest for the Orb.
     0 | D:1      | Reached XP level 1. HP: 17/17 MP: 1/1
   390 | D:1      | Reached XP level 2. HP: 24/24 MP: 2/2
  1169 | D:2      | Reached XP level 3. HP: 28/30 MP: 3/3
  1294 | D:2      | Reached skill level 6 in Bows
  1657 | D:2      | Found a sparkling altar of Nemelex Xobeh.
  1813 | D:3      | Reached XP level 4. HP: 38/38 MP: 4/4
  1873 | D:3      | Noticed Robin
  1880 | D:3      | Killed Robin
  2548 | D:3      | Reached XP level 5. HP: 36/45 MP: 5/5
  2611 | D:3      | Found an iron altar of Okawaru.
  3375 | D:4      | Found Xofuycuj's Elemental Accessories.
  3787 | D:4      | Reached XP level 6. HP: 52/52 MP: 7/7
  3939 | D:5      | Entered Level 5 of the Dungeon
  3984 | D:4      | Reached skill level 1 in Polearms
  3984 | D:4      | Reached skill level 7 in Bows
  3984 | D:4      | Reached skill level 1 in Spellcasting
  4224 | D:5      | Reached XP level 7. HP: 54/60 MP: 8/8
  4481 | D:5      | Noticed Prince Ribbit
  4614 | D:5      | Killed Prince Ribbit
  4614 | D:5      | Reached skill level 5 in Fighting
  4614 | D:5      | Reached skill level 8 in Bows
  5053 | D:5      | Found a shattered altar of Ashenzari.
  5053 | D:5      | Noticed Sigmund
  5090 | D:5      | Killed Sigmund
  5090 | D:5      | Reached XP level 8. HP: 33/69 MP: 9/9
  5553 | D:5      | Noticed Grinder
  6576 | D:5      | Reached skill level 9 in Bows
  6704 | D:6      | Noticed Pikel
  6741 | D:6      | Killed Pikel
  6741 | D:6      | Reached XP level 9. HP: 52/78 MP: 10/10
  6775 | D:6      | Found a glowing silver altar of Zin.
  6976 | D:6      | Found a bloodstained altar of Trog.
  7118 | D:6      | Reached skill level 5 in Dodging
  7431 | D:6      | Reached skill level 5 in Polearms
  7431 | D:6      | Reached skill level 10 in Bows
  7657 | D:6      | HP: 3/78 [poisoned by a killer bee]
  7661 | D:6      | HP: 1/78 [poisoned by a killer bee]
  7662 | D:6      | Succumbed to a killer bee's poison

Vault maps used:
D:1:      dpeg_arrival_tiny_j
D:2:      nicolae_overflow_hidden_temple, glass_columns_a
D:3:      marbit_many_paths, uniq_robin
D:4:      first_bread, nicolae_elemental_shop
D:5:      cheibrodos_ashenzari_chains, uniq_sigmund, uniq_prince_ribbit1,
          uniq_grinder
D:6:      lemuel_doored_altar, zin_academy, uniq_pikel
D:7:      temple_fountains, basic_altar

Skill      XL: |  1  2  3  4  5  6  7  8  9 |
---------------+----------------------------+-----
Bows           | 6 7 8 9 10 | 10.0
Dodging        | 2 3 4 5 |  5.0
Fighting       | 3 4 5 6 |  6.9
Polearms       | 1 3 4 5 |  5.0
Spellcasting   | 1 |  1.2
Stealth        | |  0.5

Action                   |  1- 3 |  4- 6 |  7- 9 || total
-------------------------+-------+-------+-------++-------
Melee: Trident           |       |   146 |       ||   146
       Kick              |       |    22 |     7 ||    29
       Scythe            |       |       |    19 ||    19
 Fire: Shortbow          |   125 |    67 |   210 ||   402
  Use: Scroll            |       |     1 |    10 ||    11
       Potion            |       |       |     5 ||     5
  Eat: Chunk             |     1 |     6 |     7 ||    14
       Royal jelly       |       |       |     1 ||     1
Armor: Leather armour    |    27 |    60 |     4 ||    91
       Robe              |       |       |    37 ||    37
Dodge: Dodged            |    29 |    97 |    66 ||   192
